 Dungeon Crawl Stone Soup version 0.18.1-8-gdd0e5ea (webtiles) character file.

49 santipi the Vexing (level 4, 0/48 HPs)
             Began as a Formicid Arcane Marksman on June 6, 2016.
             Succumbed to an adder's poison
             ... on level 2 of the Dungeon.
             The game lasted 00:08:34 (1220 turns).

santipi the Vexing (Formicid Arcane Marksman)       Turns: 1220, Time: 00:08:35

Health: 0/48       AC: 22    Str: 15    XL:     4   Next: 1%
Magic:  5/6        EV:  2    Int: 13    God:
Gold:   97         SH:  0    Dex: 11    Spells: 1 memorised, 5 levels left

rFire  . . .     SeeInvis .     a - +0 hand crossbow
rCold  . . .     Gourm    .     (armour currently unavailable)
rNeg   + + +     Faith    .     (no shield)
rPois  +         Spirit   .     (helmet unavailable)
rElec  .         Dismiss  .     (cloak currently unavailable)
rCorr  .         Reflect  .     (gloves currently unavailable)
SustAt .         Harm     .     (boots currently unavailable)
MR     .....                    (no amulet)
Stlth  +.........               (no ring)
                                (no ring)

@: lethally poisoned (0 -> -9), tree-form, not resistant to hostile
enchantments, very unstealthy
A: permanent stasis, dig shafts and tunnels, four strong arms, (antennae 0),
rugged brown scales 1, (electricity resistance)
a: no special abilities


You were on level 2 of the Dungeon.
You were not hungry.
You were a tree.
You visited 1 branch of the dungeon, and saw 2 of its levels.

You collected 97 gold pieces.

Inventory:

Hand Weapons
 a - a +0 hand crossbow (weapon)
Missiles
 d - 8 bolts (quivered)
Armour
 b - a +1 robe (melded)
Jewellery
 m - an uncursed amulet of guardian spirit {unknown}
 p - a +3 amulet of reflection {unknown}
Scrolls
 e - a scroll of remove curse
Potions
 o - a potion of lignification
Books
 c - a book of Debilitation

   Spells                             Type                      Level
   a - Corona                         Hexes                        1
   b - Slow                           Hexes                        2
   c - Gell's Gravitas                Hexes/Translocation          3
   d - Inner Flame                    Hexes/Fire                   3
   e - Cause Fear                     Hexes                        4
   f - Leda's Liquefaction            Hexes/Earth                  4
Comestibles
 f - 2 bread rations
 g - 2 beef jerkies
 k - 2 meat rations


   Skills:
 + Level 1.4 Fighting
 + Level 2.8 Crossbows
 + Level 1.9 Dodging
 + Level 0.3 Stealth
 + Level 1.5 Spellcasting
 + Level 4.3 Hexes


You had 5 spell levels left.
You knew the following spells:

 Your Spells              Type           Power        Failure   Level  Hunger
a - Corona                Hex            ##.....      6%          1    ##.....


Dungeon Overview and Level Annotations

Branches:
Dungeon (2/15)

Altars:


Innate Abilities, Weirdness & Mutations

You are under a permanent stasis effect.
You can dig through walls and to a lower floor.
Your four strong arms can wield two-handed weapons with a shield.
((You have a pair of large antennae on your head (SInv).))
(You are partially covered in rugged brown scales (AC +1, +3% HP).)
((You are resistant to electric shocks.))


Message History

Drink which item? (? for menu, Esc to quit)
It was a potion of mutation.
You feel extremely strange.
Rugged brown scales grow over part of your body.
You feel insulated.
* * * LOW HITPOINT WARNING * * *
You feel sick.
The adder stops glowing.
The adder barely misses you.
Drink which item? (? for menu, Esc to quit)
It was a potion of haste.
Your stasis keeps you stable.
The adder bites you but does no damage. x2
Drink which item? (? for menu, Esc to quit)
It was a potion of lignification.
You turn into a tree.
Your +1 robe melds into your body.
Your roots penetrate the ground.
The adder bites you.
* * * LOW HITPOINT WARNING * * *
You are more poisoned.
The adder poisons you!
You cannot move.
Unknown command.
Unknown command.
You die...

#........#...#.......#
#. ##
##†#####.#.#.#.####(.#
#. .# #.#
#.#.#.#.#........ ##
.######.# #.#(#.#.#.#
..>## .##.....#
#.#.#..... .#.#
.##.##### #.#.(...###
.# .##.# #.#......>
.##.# #.##S..# .##.#
##.##♣..# .##.#
#...'...# ....#
#####...# .#### #...#
## #####


You could see an adder.

Vanquished Creatures
  An adder (D:2)
  A worm (D:2)
  A dart slug (D:1)
  A giant gecko (D:2)
  A ball python (D:2)
  2 bats (D:1)
  7 goblins
  2 hobgoblins (D:2)
  3 jackals (D:2)
  5 giant newts
  5 kobolds
  4 rats
33 creatures vanquished.

Vanquished Creatures (others)
  A kobold (D:1)
1 creature vanquished.

Grand Total: 34 creatures vanquished

Notes
Turn   | Place    | Note
--------------------------------------------------------------
     0 | D:1      | santipi the Formicid Arcane Marksman began the quest for the Orb.
     0 | D:1      | Reached XP level 1. HP: 15/15 MP: 2/2
   249 | D:1      | Reached skill level 4 in Hexes
   249 | D:1      | Reached XP level 2. HP: 13/21 MP: 3/3
   866 | D:2      | Reached XP level 3. HP: 26/26 MP: 4/4
  1154 | D:2      | Reached XP level 4. HP: 12/32 MP: 6/6
  1217 | D:2      | Gained mutation: You are partially covered in rugged brown scales (AC +1, +3% HP). [potion of mutation]
  1217 | D:2      | Gained mutation: You are resistant to electric shocks. [potion of mutation]
  1217 | D:2      | HP: 1/32 [poisoned by an adder]
  1220 | D:2      | Succumbed to an adder's poison

Skill      XL: |  1 |
---------------+----+-----
Hexes          | 4 |  4.3
Fighting       | |  1.4
Crossbows      | |  2.8
Dodging        | |  1.9
Stealth        | |  0.3
Spellcasting   | |  1.5

Action                   |  1- 3 |  4- 6 || total
-------------------------+-------+-------++-------
 Fire: Hand crossbow     |    89 |     7 ||    96
 Cast: Corona            |     7 |     2 ||     9
  Use: Scroll            |     6 |       ||     6
       Potion            |       |     4 ||     4
  Eat: Royal jelly       |     1 |       ||     1
Armor: Robe              |     9 |     2 ||    11
Dodge: Dodged            |    27 |     8 ||    35
